 Dungeon Crawl Stone Soup version 0.21-b1-23-g1fb0a74c36 (console) character file.

122932 Kloppie the Warrior (level 16, -1/159 HPs)
             Began as a Minotaur Berserker on Jan 6, 2018.
             Was the Champion of Trog.
             Slain by a spriggan rider
             ... wielding a +0 spear
              (10 damage)
             ... on level 3 of the Swamp.
             The game lasted 00:51:05 (26222 turns).

Kloppie the Warrior (Minotaur Berserker)           Turns: 26222, Time: 00:51:06

Health: -1/159     AC: 28    Str: 30    XL:     16   Next: 35%
Magic:  5/5        EV: 16    Int:  4    God:    Trog [******]
Gold:   890        SH:  0    Dex:  9    Spells: 15/15 levels left

rFire    + + .     SeeInvis .   b - +3 great sword (antimagic)
rCold    . . .     Gourm    .   (shield currently unavailable)
rNeg     . . .     Faith    +   l - +0 fire dragon scales
rPois    .         Spirit   .   (helmet restricted)
rElec    .         Reflect  .   r - +1 cloak
rCorr    .         Harm     .   y - +2 pair of gloves
MR       +++..                  Q - +2 pair of boots {run}
Stlth    ..........             D - amulet of faith
HPRegen  1.36/turn              L - +4 ring of protection
MPRegen  0.09/turn              d - ring of protection from cold

@: about to teleport, berserk cooldown, regenerating, slowed, very slow
A: retaliatory headbutt, horns 2
a: Berserk, Trog's Hand, Brothers in Arms, Burn Spellbooks, Renounce Religion


You were on level 3 of the Swamp.
You worshipped Trog.
Trog was exalted by your worship.
You were near starving.

You visited 4 branches of the dungeon, and saw 26 of its levels.
You also visited: Labyrinth.

You collected 2148 gold pieces.
You spent 1258 gold pieces at shops.

Inventory:

Hand Weapons
 a - the +2 double sword of Trog's Scorn {flame, -Tele rF+ MR+ Stlth+}
   (Trog gifted it to you on level 10 of the Dungeon)

   It has been specially enchanted to burn those struck by it, causing extra
   injury to most foes and up to half again as much damage against particularly
   susceptible opponents.
   Big, fiery blades are also staple armaments of hydra-hunters.
   It protects you from fire.
   It affects your resistance to hostile enchantments.
   It prevents most forms of teleportation.
   It makes you more stealthy.
 b - a +3 antimagic great sword (weapon)
 m - the +1 triple sword "Papeomog" {holy, rC+ SInv}
   (Trog gifted it to you on level 12 of the Dungeon)

   It has been blessed by the Shining One to cause great damage to the undead
   and demons.
   It protects you from cold.
   It lets you see invisible.
 F - a +0 scimitar
 G - a +0 double sword
Missiles
 k - 5 poisoned javelins (quivered)
Armour
 e - a +0 buckler
 l - +0 fire dragon scales (worn)
 p - a +3 plate armour
 r - a +1 cloak (worn)
 y - a +2 pair of gloves (worn)
 Q - a +2 pair of boots of running (worn)
Jewellery
 d - a ring of protection from cold (right hand)
 q - an uncursed ring of see invisible
 u - an uncursed ring of protection from magic
 D - an amulet of faith (around neck)
 H - a +3 ring of protection
 L - a +4 ring of protection (left hand)
 R - a +4 ring of evasion
Wands
 h - a wand of digging (10)
 O - a wand of iceblast (6)
 P - a wand of disintegration (14)
Scrolls
 i - 6 scrolls of magic mapping
 o - 3 scrolls of fog
 s - 8 scrolls of teleportation
 v - 11 scrolls of remove curse
 A - 4 scrolls of enchant weapon
 B - 2 scrolls of blinking
 C - 6 scrolls of enchant armour
 K - 4 scrolls of identify
 N - a scroll of fear
Potions
 f - 8 potions of curing
 g - 2 potions of cancellation
 j - 3 potions of brilliance
 n - 3 potions of flight
 t - 10 potions of might
 w - 4 potions of agility
 x - 6 potions of lignification
 z - 2 potions of haste
 E - 3 potions of invisibility
 J - a potion of magic
 M - a potion of resistance
Comestibles
 c - 33 rations
 I - 7 chunks of flesh


   Skills:
 - Level 18.9 Fighting
 + Level 18.3 Long Blades
 - Level 16.8 Armour
 - Level 12.4 Dodging
 - Level 4.7 Shields


You had 15 spell levels left.
You didn't know any spells.

Dungeon Overview and Level Annotations

Branches:
Dungeon (15/15)            Temple (0/1) D:5            Lair (6/6) D:10
  Swamp (3/4) Lair:4        Snake (0/4) Lair:4        Slime (0/5) Lair:6
    Orc (2/2) D:11            Elf (0/3) Orc:2        Vaults (0/5) D:13
 Depths (0/5) D:15

Altars:
Ashenzari
Elyvilon
Kikubaaqudgha
Makhleb
Qazlal
Trog
Uskayaw
Vehumet
Xom
Yredelemnul
Beogh

Shops:
D:12 *(*}?   Orc:1 :   Orc:2 [(}?

Portals:
Hell: Lair:6
Trove: D:14 (give 2 scrolls of acquirement)

Annotations:
Lair:5 exclusion: oklob plant


Innate Abilities, Weirdness & Mutations

You reflexively headbutt those who attack you in melee.
You have a pair of horns on your head.


Message History

You are exhausted.
You feel yourself slow down.
You feel the effects of Trog's Hand fading.
The spriggan rider hits you but does no damage.
The spriggan rider misses you. The spriggan rider barely misses you.
You slice the spriggan rider!!
Your headbutt misses the spriggan rider.
The spriggan rider is moderately wounded.
The spriggan rider hits you but does no damage. x2
The spriggan rider closely misses you.
Okay, then.
As you read the scroll of teleportation, it crumbles to dust.
You feel strangely unstable.
The spriggan rider hits you but does no damage.
The spriggan rider hits you with a spear!
* * * LOW HITPOINT WARNING * * *
The spriggan rider hits you from afar with a spear!
* * * LOW HITPOINT WARNING * * *
The spriggan rider hits you with a spear!
You die...

≈≈≈.≈♣ ♣≈(.≈≈≈
≈..♣♣≈...≈♣♣ ♣...≈♣♣
.♣♣...≈§≈.≈≈≈♣ ♣♣♣.≈.≈♣
≈≈≈≈....≈≈.^^♣♣♣≈≈§≈.≈♣♣
≈≈≈≈...≈≈.≈≈♣≈.≈≈≈..♣♣♣.
≈≈...≈≈≈≈≈..♣♣≈≈≈≈.♣♣♣>.
≈≈...≈≈≈≈..♣♣♣....♣♣♣...
§....≈≈≈§..♣≈....≈♣♣♣...
..♣♣♣.i@.♣♣..≈≈≈♣♣♣...##
♣≈[...i)≈♣.≈§.♣♣♣♣≈.....
...≈≈≈i)..≈≈≈.≈♣≈.≈≈..#.
≈..≈≈≈≈..)≈≈.....≈.≈..#.
...≈≈≈≈.....≈....≈≈...##
..♣≈......♣♣♣♣≈≈≈≈≈≈..#.
≈.≈≈≈.≈≈≈≈. ≈≈≈≈≈≈..'.
..≈≈≈..≈≈≈.♣ ≈≈≈≈.≈..##
..≈≈≈.≈....♣ ≈≈≈≈≈.....


You could see 3 spriggan riders.

Vanquished Creatures
  2 thorn hunters (Swamp:2)
  A fire giant (D:13)
  2 dire elephants
  A fire dragon (D:15)
  A minotaur (Lab)
  Erolcha (D:11)
  20 hydras
  4 centaur warriors
  3 catoblepae
  A death yak (Lair:6)
  9 two-headed ogres
  A tengu warrior (D:14)
  4 ogre magi (Orc:2)
  13 alligators
  A deep troll earth mage (D:13)
  Nergalle (Orc:2)
  A hell knight (D:13)
  A sixfirhy (Lair:6)
  A fire crab (D:13)
  An unseen horror (shapeshifter) (D:15)
  A wizard (Lair:6)
  4 unseen horrors
  A spriggan druid (Swamp:2)
  2 swamp dragons (Swamp:2)
  A lindwurm (Lair:3)
  3 orc knights
  5 ugly things
  A wolf spider (D:13)
  An oklob plant (Lair:6)
  8 orc sorcerers (Orc:2)
  A manticore (D:15)
  A cyclops (D:13)
  10 elephants (Lair:5)
  5 centaur zombies
  A black mamba (Lair:6)
  2 orange demons (Lair:6)
  3 gargoyles
  4 kobold demonologists
  19 spiny frogs
  A torpor snail (Lair:6)
  4 rime drakes
  5 komodo dragons
  3 ice devils (Lair:6)
  A hellwing (Lair:6)
  A tengu conjurer (D:14)
  8 hornets
  A queen bee (D:12)
  A red devil (Lair:6)
  5 tyrant leeches
  A troll (D:15)
  13 hippogriffs
  2 meliai zombies
  6 blink frogs
  5 bog bodies
  13 slime creatures
  Sigmund (D:4)
  7 spriggans
  2 shadows
  6 wraiths
  A wyvern (Lair:3)
  53 yaks
  2 steam dragons
  4 basilisks
  13 vampire mosquitoes
  4 wargs (D:11)
  5 hungry ghosts
  11 insubstantial wisps (Swamp:1)
  A naga (shapeshifter) (D:13)
  2 nagas (Lair:4)
  10 swamp worms
  Edmund (D:6)
  An acid dragon (D:12)
  11 water moccasins
  3 hell hounds (Lair:6)
  4 porcupines
  2 swamp drakes (Swamp:1)
  18 orc warriors
  A sky beast (D:10)
  2 ice beasts
  2 phantoms
  14 wolves
  11 centaurs
  4 boggarts (Lair:6)
  5 ogres
  22 crocodiles
  3 big kobolds
  19 bullfrogs
  A water moccasin zombie (D:6)
  A wyvern zombie (D:14)
  3 scorpions
  A water moccasin skeleton (D:10)
  32 killer bees
  16 wights
  4 howler monkeys
  7 crimson imps
  4 lava snakes (Lab)
  4 bullfrog zombies
  4 electric eels
  A quasit (D:12)
  3 jellies
  4 centaur skeletons
  3 bullfrog skeletons
  4 hounds
  2 iguanas
  7 orc priests
  38 orc wizards
  13 worker ants
  9 adders
  3 shadow imps
  An ooze (D:2)
  An adder skeleton (D:4)
  An adder zombie (D:8)
  5 worms
  4 dart slugs
  5 leopard geckos
  66 orcs
  7 bats
  4 giant cockroaches
  7 goblins
  12 hobgoblins
  13 jackals
  7 kobolds
  9 quokkas
  10 frilled lizards
  A jackal zombie (D:5)
  A quokka skeleton (D:9)
  A quokka zombie (D:6)
  10 rats
  A fungus (Lair:6)
  A plant (Lair:6)
788 creatures vanquished.

Vanquished Creatures (collateral kills)
  2 orc priests (Orc:2)
  An orc wizard (Orc:2)
  5 orcs (Orc:2)
8 creatures vanquished.

Vanquished Creatures (others)
  An orc (Orc:2)
  6 fungi
  9 plants
16 creatures vanquished.

Grand Total: 812 creatures vanquished

Notes
Turn   | Place    | Note
-------+----------+-------------------------------------------
     0 | D:1      | Kloppie the Minotaur Berserker began the quest for the Orb.
     0 | D:1      | Reached XP level 1. HP: 19/19 MP: 0/0
   132 | D:1      | Reached XP level 2. HP: 25/27 MP: 1/1
   476 | D:1      | Reached XP level 3. HP: 33/33 MP: 2/2
   484 | D:1      | Reached ** piety under Trog
   899 | D:2      | Reached skill level 5 in Long Blades
  1081 | D:2      | Found a hide-covered altar of Uskayaw.
  1202 | D:3      | Reached XP level 4. HP: 36/41 MP: 3/3
  1880 | D:3      | Found an ancient bone altar of Kikubaaqudgha.
  1881 | D:3      | Found a shattered altar of Ashenzari.
  2235 | D:4      | Reached *** piety under Trog
  2235 | D:4      | Reached XP level 5. HP: 36/47 MP: 4/4
  2460 | D:4      | Noticed Sigmund
  2483 | D:4      | Killed Sigmund
  2483 | D:4      | Reached skill level 5 in Fighting
  2483 | D:4      | Reached XP level 6. HP: 56/56 MP: 5/5
  2961 | D:5      | Entered Level 5 of the Dungeon
  3228 | D:5      | Found a staircase to the Ecumenical Temple.
  3229 | D:5      | Found a stormy altar of Qazlal.
  3903 | D:6      | Reached XP level 7. HP: 63/64 MP: 6/6
  3908 | D:6      | Found a radiant altar of Vehumet.
  4171 | D:6      | Reached XP level 8. HP: 40/73 MP: 7/7
  4207 | D:6      | Reached skill level 10 in Long Blades
  4415 | D:6      | Noticed Edmund
  4425 | D:6      | Killed Edmund
  4945 | D:7      | Found a shimmering altar of Xom.
  5477 | D:8      | Reached **** piety under Trog
  5642 | D:8      | Reached XP level 9. HP: 52/82 MP: 8/8
  6480 | D:8      | Noticed a two-headed ogre
  6486 | D:8      | Killed a two-headed ogre
  6486 | D:8      | Reached skill level 5 in Armour
  6529 | D:8      | Found a white marble altar of Elyvilon.
  6956 | D:9      | Reached XP level 10. HP: 87/90 MP: 9/9
  7100 | D:9      | Noticed a moth of wrath
  7102 | D:9      | Found a bloodstained altar of Trog.
  7348 | D:9      | Found a stormy altar of Qazlal.
  7644 | D:10     | Entered Level 10 of the Dungeon
  7822 | D:10     | Reached ***** piety under Trog
  7906 | D:10     | Received a gift from Trog
  7910 | D:10     | Reached skill level 10 in Fighting
  7915 | D:10     | Found a staircase to the Lair.
  7929 | D:10     | Got a faintly glowing double sword {god gift}
  7932 | D:10     | Identified the +2 double sword of Trog's Scorn {flame, -Tele rF+ MR+ Stlth+} (Trog gifted it to you on level 10 of the Dungeon)
  8229 | D:10     | Killed an unseen horror
  8662 | D:11     | Noticed a two-headed ogre
  8675 | D:11     | Killed a two-headed ogre
  8675 | D:11     | Reached XP level 11. HP: 35/101 MP: 10/10
  8681 | D:11     | Noticed a two-headed ogre
  8685 | D:11     | Killed a two-headed ogre
  8685 | D:11     | Reached skill level 15 in Long Blades
  8996 | D:11     | Paralysed by a hornet for 3 turns
  9007 | D:11     | HP: 6/151 [poisoned by a hornet]
  9011 | D:11     | HP: 2/101 [poisoned by a hornet]
  9099 | D:11     | Noticed a two-headed ogre
  9286 | D:11     | Killed a two-headed ogre
  9512 | D:11     | Found a staircase to the Orcish Mines.
  9782 | D:11     | Noticed a two-headed ogre
  9786 | D:11     | Noticed a four-headed hydra
  9794 | D:11     | Killed a two-headed ogre
  9794 | D:11     | Reached skill level 10 in Armour
  9798 | D:11     | Killed a one-headed hydra
  9855 | D:11     | Noticed Erolcha
  9976 | Lair:1   | Entered Level 1 of the Lair of Beasts
 10461 | Lair:1   | Reached XP level 12. HP: 89/112 MP: 11/11
 11103 | Lair:2   | Found a labyrinth entrance.
 11109 | Lab      | Entered a labyrinth
 12002 | Lab      | Noticed a minotaur
 12007 | Lab      | Killed a minotaur
 12050 | Lab      | Identified Ritoaf's Compendium of Lucky Transmutation
 12053 | Lab      | Got a faintly humming leather armour
 12066 | Lair:2   | Identified the +2 leather armour "Siepuorph" {Str+9 Dex+7} (You found it in a labyrinth)
 12090 | Lair:2   | Identified a +2 pair of boots of running (You found it in a labyrinth)
 12100 | Lair:2   | Identified a +0 pair of boots of running (You found it in a labyrinth)
 13300 | Lair:4   | Found a staircase to the Snake Pit.
 13328 | Lair:4   | Got a scorched war axe
 13424 | Lair:4   | Reached skill level 5 in Dodging
 13429 | Lair:4   | Reached ****** piety under Trog
 13481 | Lair:4   | Received a gift from Trog
 13538 | Lair:4   | Reached skill level 1 in Shields
 13542 | Lair:4   | Reached XP level 13. HP: 91/124 MP: 12/12
 13614 | Lair:4   | Found a staircase to the Swamp.
 13986 | Lair:4   | Identified the +7 war axe of Wyrd {venom, +Fly} (You found it on level 4 of the Lair of Beasts)
 14813 | Lair:6   | Entered Level 6 of the Lair of Beasts
 14875 | Lair:6   | Found a staircase to the Slime Pits.
 14884 | Lair:6   | Received a gift from Trog
 14884 | Lair:6   | Reached skill level 15 in Fighting
 15909 | Lair:6   | Noticed a dire elephant
 15925 | Lair:6   | Killed a dire elephant
 15925 | Lair:6   | Reached XP level 14. HP: 104/138 MP: 13/13
 16123 | Lair:6   | Received a gift from Trog
 16149 | Lair:6   | Found a burning altar of Makhleb.
 16165 | Lair:6   | Found a gateway to Hell.
 16628 | D:11     | Killed Erolcha
 17097 | D:12     | Found Loegruets's Assorted Antiques.
 17101 | D:12     | Bought a scroll of identify for 44 gold pieces
 17101 | D:12     | Bought a scroll of identify for 44 gold pieces
 17101 | D:12     | Bought a ring of protection for 44 gold pieces
 17101 | D:12     | Bought a metallic sapphire potion for 19 gold pieces
 17101 | D:12     | Bought a potion of curing for 66 gold pieces
 17199 | D:12     | Found Acucu's Gadget Emporium.
 17381 | D:12     | Found Jabbups's Magic Scroll Shop.
 17386 | D:12     | Bought 3 scrolls of identify for 90 gold pieces
 17386 | D:12     | Bought a scroll of identify for 30 gold pieces
 17386 | D:12     | Bought a scroll of identify for 30 gold pieces
 17386 | D:12     | Bought a scroll of magic mapping for 52 gold pieces
 17386 | D:12     | Bought a scroll of enchant armour for 112 gold pieces
 17386 | D:12     | Bought 3 scrolls of enchant weapon for 337 gold pieces
 17414 | D:12     | Received a gift from Trog
 17415 | D:12     | Got a dazzling triple sword {god gift}
 17422 | D:12     | Reached skill level 15 in Armour
 17424 | D:12     | Identified the +1 triple sword "Papeomog" {holy, rC+ SInv} (Trog gifted it to you on level 12 of the Dungeon)
 17539 | D:12     | Found Fuvofu's Weapon Emporium.
 17547 | D:12     | Bought a +0 double sword for 180 gold pieces
 17645 | D:12     | Found Buonuder's Assorted Antiques.
 17651 | D:12     | Bought a scroll of identify for 48 gold pieces
 17651 | D:12     | Bought a scroll of remove curse for 72 gold pieces
 17867 | Orc:1    | Entered Level 1 of the Orcish Mines
 17867 | Orc:1    | Found Edigyet's Book Emporium.
 18041 | Orc:2    | Entered Level 2 of the Orcish Mines
 18270 | Orc:2    | Found a staircase to the Elven Halls.
 18693 | Orc:2    | Received a gift from Trog
 18927 | Orc:2    | Found Tata's Magic Scroll Boutique.
 18963 | Orc:2    | Bought a scroll of blinking for 90 gold pieces
 18974 | Orc:2    | Found Kaurun's Antique Weapon Shop.
 18994 | Orc:2    | Found an ancient bone altar of Kikubaaqudgha.
 18994 | Orc:2    | Noticed Nergalle
 19007 | Orc:2    | Killed Nergalle
 19024 | Orc:2    | Found Cijoril's Gadget Shop.
 19036 | Orc:2    | Found a radiant altar of Vehumet.
 19081 | Orc:2    | Found a roughly hewn altar of Beogh.
 19085 | Orc:2    | Found Kysapsou's Antique Armour Boutique.
 19502 | D:13     | Received a gift from Trog
 19592 | D:13     | Found a burning altar of Makhleb.
 19685 | D:13     | Found a gate to the Vaults.
 20101 | D:13     | Received a gift from Trog
 20143 | D:13     | Found the +4 dagger "Morg" {pain, MR+ Int+5}
 20174 | D:13     | Identified the Volume of Twisted Arcane Weapons
 20368 | D:13     | Reached skill level 10 in Dodging
 20615 | D:13     | Found a runed door.
 20798 | D:13     | Reached XP level 15. HP: 118/146 MP: 14/14
 20807 | D:13     | Noticed a fire giant
 20812 | D:13     | Killed a fire giant
 20973 | D:14     | Found a portal to a secret trove of treasure.
 21335 | D:14     | Received a gift from Trog
 21387 | D:14     | Found a basalt altar of Yredelemnul.
 21581 | D:15     | Entered Level 15 of the Dungeon
 21829 | D:15     | Found a shimmering altar of Xom.
 21940 | D:15     | Found a staircase to the Depths.
 23080 | Swamp:1  | Entered Level 1 of the Swamp
 23476 | Swamp:1  | Received a gift from Trog
 24560 | Swamp:2  | Noticed a thorn hunter
 24572 | Swamp:2  | Killed a thorn hunter
 24607 | Swamp:2  | Noticed a thorn hunter
 24623 | Swamp:2  | Killed a thorn hunter
 24927 | Swamp:2  | Reached XP level 16. HP: 117/159 MP: 15/15
 25430 | Swamp:2  | Received a gift from Trog
 26222 | Swamp:3  | Slain by a spriggan rider

Skill      XL: |  1  2  3  4  5  6  7  8  9 10 11 12 13 14 15 16 |
---------------+-------------------------------------------------+-----
Long Blades    | 4 5 6 7 8 9 11 13 14 16 18 | 18.3
Fighting       | 4 5 6 7 8 10 12 14 16 18 | 18.9
Armour         | 3 6 9 11 13 14 16 | 16.8
Dodging        | 5 8 10 12 | 12.4
Shields        | 1 4 |  4.7

Action                   |  1- 3 |  4- 6 |  7- 9 | 10-12 | 13-15 | 16-18 || total
-------------------------+-------+-------+-------+-------+-------+-------++-------
Melee: Falchion          |    84 |   132 |    30 |       |       |       ||   246
       Headbutt          |    15 |    19 |    44 |   130 |   275 |    33 ||   516
       Scimitar          |       |       |   174 |   300 |       |       ||   474
       Double sword      |       |       |       |   303 |  1058 |   103 ||  1464
       Great sword       |       |       |       |       |       |    43 ||    43
Invok: Berserk           |       |     1 |     3 |     5 |     5 |     3 ||    17
       Trog's Hand       |       |     1 |       |     5 |     5 |     1 ||    12
       Brothers in Arms  |       |       |       |       |     1 |       ||     1
  Use: Scroll            |       |     9 |     8 |    10 |     6 |     3 ||    36
       Potion            |       |       |       |     3 |     6 |     1 ||    10
 Stab: Petrified         |       |       |       |       |     3 |       ||     3
  Eat: Chunk             |     1 |     8 |    12 |    14 |    33 |     1 ||    69
       Ration            |       |       |     1 |     6 |     3 |     1 ||    11
Armor: Animal skin       |    11 |       |       |       |       |       ||    11
       Chain mail        |    19 |    60 |    18 |       |       |       ||    97
       Fire dragon scale |       |       |    58 |   311 |   521 |   120 ||  1010
Dodge: Dodged            |    49 |    69 |    89 |   246 |   653 |   128 ||  1234
Block: Buckler           |       |       |       |       |   194 |    20 ||   214
       Rpst.: Falchion   |    10 |    21 |     4 |       |       |       ||    35
       Scimitar          |       |       |    21 |    41 |       |       ||    62
       Double sword      |       |       |       |    25 |   161 |    10 ||   196
       Great sword       |       |       |       |       |       |     8 ||     8
